AoeStats
← Gori11a

Arena

510724045Analyzed
4v4 RM · 23h ago on Oct 2, 2026· 52m 57s· 8 players
Game mode
Random Map
Map size
Large (8 player)
Population
200
Speed
Normal
Resources
Standard
Victory
Conquest
Starting age
Dark Age
Ending age
Imperial Age
RankedLock teamsTeams togetherTeam positionsShared explorationLock speedFull tech treeHidden civsTurbo modeCheats
Victory
Defeat
🇪🇸 Huns · Spain
761
+15
🇮🇪 Khitans · Ireland
724
+16
🇸🇪 Ethiopians · Sweden
705
+17
🇪🇸 Bohemians · Spain
672
+18
🇲🇽 Huns · Mexico
788
-19
🇮🇳 Britons · India
781
-19
🇺🇸 Khmer · United States
698
-15
🇹🇷 Italians · Türkiye
643
-13
Gori11a
11:27 Feudal Age
11:11 Loom
12:10 Double-Bit Axe
16:43 Fletching
18:03 Gold Mining
21:24 Castle Age
19:34 Padded Archer Armor
19:32 Stone Mining
21:37 Crossbowman
22:25 Thumb Ring
22:18 Bodkin Arrow
22:43 Bow Saw
28:42 Ballistics
28:38 Town Watch
33:09 Imperial Age
34:04 Arbalester
36:46 Bracer
37:02 Leather Archer Armor
38:07 Siege Engineers
42:01 Conscription
43:35 Halberdier
44:38 Forging
44:28 Scale Mail Armor
46:03 Two-Man Saw
45:13 Squires
47:40 Ring Archer Armor
47:46 Iron Casting
47:39 Elite Skirmisher
49:11 Chain Mail Armor
52:09 Chemistry
Zeus89
13:15 Feudal Age
13:37 Horse Collar
13:48 Double-Bit Axe
19:49 Castle Age
19:13 Man-at-Arms
19:39 Arson
19:58 Scale Mail Armor
20:00 Padded Archer Armor
19:51 Fletching
19:52 Pikeman
20:33 Squires
19:57 Elite Skirmisher
22:37 Heavy Plow
24:32 Chain Mail Armor
32:18 Bow Saw
32:27 Leather Archer Armor
32:08 Bodkin Arrow
32:27 Fortified Wall
32:38 Ballistics
33:18 Chemistry
34:15 Caravan
36:08 Wagenburg Tactics
39:07 Imperial Age
37:08 Loom
37:59 Wheelbarrow
38:30 Wagenburg Tactics
39:25 Capped Ram
40:49 Plate Mail Armor
40:53 Coinage
40:45 Bombard Tower
40:11 Arrowslits
41:14 Conscription
41:51 Hand Cart
43:01 Two-Man Saw
49:34 Banking
48:30 Onager
51:35 Guilds
DvDCover1028
3:22 Loom
12:51 Feudal Age
13:18 Double-Bit Axe
13:25 Domestication
14:54 Wheelbarrow
14:07 Town Watch
18:34 Forging
18:19 Gold Mining
19:27 Scale Barding Armor
22:57 Castle Age
23:08 Light Cavalry
23:51 Husbandry
24:26 Chain Barding Armor
24:19 Pastoralism
24:48 Bow Saw
25:53 Iron Casting
27:03 Hand Cart
30:27 Fortified Wall
35:41 Imperial Age
33:15 Town Patrol
34:03 Stone Mining
35:41 Caravan
36:06 Elite Steppe Lancer
37:30 Plate Barding Armor
37:48 Conscription
37:47 Ordo Cavalry
38:47 Masonry
AlfilGM3
0:37 Loom
11:11 Feudal Age
11:50 Double-Bit Axe
13:32 Wheelbarrow
14:29 Horse Collar
21:42 Castle Age
19:45 Stone Mining
20:39 Fletching
21:01 Forging
21:04 Gold Mining
24:31 Hand Cart
24:36 Bloodlines
27:58 Marauders
28:07 Husbandry
28:32 Bow Saw
37:43 Imperial Age
35:38 Ballistics
38:55 Iron Casting
38:26 Scale Barding Armor
38:19 Murder Holes
39:21 Conscription
40:15 Gold Shaft Mining
40:42 Elite Tarkan
44:09 Blast Furnace
Sedat
7:57 Loom
10:29 Feudal Age
10:55 Double-Bit Axe
10:51 Horse Collar
18:40 Castle Age
18:23 Gold Mining
21:53 Stone Mining
23:57 Wheelbarrow
27:04 Imperial Age
24:33 Town Watch
25:12 Murder Holes
25:39 Heavy Plow
29:03 Chemistry
28:49 Scale Mail Armor
30:21 Gold Mining
31:04 Town Patrol
30:44 Pikeman
39:53 Elite Skirmisher
40:47 Forging
40:53 Chain Mail Armor
40:44 Scale Barding Armor
46:26 Plate Mail Armor
46:32 Iron Casting
45:49 Heated Shot
46:20 Ballistics
53:01 Blast Furnace
iDaniielo :v
0:29 Loom
12:28 Feudal Age
14:37 Wheelbarrow
13:51 Double-Bit Axe
13:49 Horse Collar
20:16 Castle Age
20:07 Stone Mining
20:07 Gold Mining
21:41 Hand Cart
42:37 Imperial Age
41:20 Ballistics
44:23 Imperial Age
43:57 Fletching
44:08 Padded Archer Armor
44:14 Scale Barding Armor
47:44 Caravan
Dora Explora
7:16 Loom
9:39 Feudal Age
10:38 Double-Bit Axe
10:56 Horse Collar
12:42 Wheelbarrow
14:31 Wheelbarrow
19:17 Castle Age
21:26 Bow Saw
22:19 Hand Cart
24:53 Heavy Plow
28:10 Stone Mining
28:13 Gold Mining
32:29 Imperial Age
32:58 Husbandry
33:08 Bloodlines
33:31 Ballistics
34:11 Chemistry
33:23 Fortified Wall
33:19 Siege Engineers
33:51 Crop Rotation
33:57 Gold Shaft Mining
33:57 Stone Shaft Mining
35:15 Conscription
35:31 Hoardings
34:24 Elite Ballista Elephant
36:01 Scale Barding Armor
36:07 Forging
36:30 Tusk Swords
36:34 Double Crossbow
36:40 Tusk Swords
38:16 Elite Battle Elephant
39:55 Chain Barding Armor
40:11 Iron Casting
39:35 Murder Holes
39:49 Tusk Swords
39:48 Capped Ram
41:53 Siege Ram
Hyper Tekken
14:01 Feudal Age
14:22 Horse Collar
16:23 Double-Bit Axe
19:47 Castle Age
17:55 Gold Mining
17:59 Fletching
18:09 Padded Archer Armor
19:20 Padded Archer Armor
21:05 Crossbowman
24:25 Wheelbarrow
24:21 Caravan
24:46 Bodkin Arrow
25:06 Leather Archer Armor
32:25 Imperial Age
31:12 Leather Archer Armor
31:38 Ballistics
31:14 Murder Holes
32:35 Arbalester
33:28 Bracer
33:58 Ring Archer Armor
34:44 Chemistry
36:18 Light Cavalry
36:59 Husbandry
37:11 Forging
37:06 Scale Barding Armor
38:06 Yeomen
38:09 Conscription
39:32 Iron Casting
39:17 Chain Barding Armor
42:05 Blast Furnace
Connection lost

Rejoining the realm…

Still unreachable

The connection could not be restored.

Session expired

The server has moved on; the page needs a fresh start.